 Dungeon Crawl Stone Soup version 0.24.0-3-g28a8eb0610 (webtiles) character file.

Game seed: 8173382674811743642, levelgen mode: deterministic

99 CurryBlack the Sneak (level 4, 0/21 HPs)
             Began as a Spriggan Enchanter on Nov 1, 2019.
             Slain by an ooze (3 damage)
             ... on level 2 of the Dungeon.
             The game lasted 00:06:52 (2505 turns).

CurryBlack the Sneak (Spriggan Enchanter)           Turns: 2505, Time: 00:06:53

Health: 0/21       AC:  2    Str:  4    XL:     4   Next: 45%
Magic:  7/9        EV: 20    Int: 17    God:
Gold:   149        SH:  0    Dex: 16    Spells: 3/9 levels left

rFire    . . .     SeeInvis +   g - +1 short sword (freeze)
rCold    . . .     Gourm    .   (shield restricted)
rNeg     . . .     Faith    .   b - +0 robe
rPois    .         Spirit   .   (helmet restricted)
rElec    .         Reflect  .   (no cloak)
rCorr    .         Harm     .   (gloves unavailable)
MR       .....                  (boots unavailable)
Stlth    +++.......             (no amulet)
HPRegen  0.07/turn              (no ring)
MPRegen  0.11/turn              (no ring)

@: very quick
A: very small, unfitting armour, see invisible, herbivore, speed 3, slow
metabolism 2
a: no special abilities


You were on level 2 of the Dungeon.
You were not hungry.

You visited 1 branch of the dungeon, and saw 2 of its levels.

You collected 149 gold pieces.

Inventory:

Hand Weapons
 g - a +1 short sword of freezing (weapon)
Missiles
 a - 64 arrows
 e - 24 sling bullets
Armour
 b - a +0 robe (worn)
Scrolls
 f - a scroll of blinking {unknown}
 i - 2 scrolls of enchant weapon {unknown}
 j - a scroll of noise {unknown}
 l - a scroll of remove curse {unknown}
 n - a scroll of identify {unknown}
Potions
 h - a potion of haste {unknown}
 k - a potion of berserk rage {unknown}
 m - a potion of brilliance {unknown}
Comestibles
 d - 3 rations


   Skills:
 + Level 1.5 Short Blades
 * Level 4.4 Dodging
 * Level 5.7 Stealth
 + Level 3.2 Spellcasting
 * Level 4.5 Hexes


You had 3 spell levels left.
You knew the following spells:

 Your Spells              Type           Power        Failure   Level  Hunger
a - Corona                Hex            ###....      2%          1    None
b - Ensorcelled Hibernat  Hex/Ice        ##....       11%         2    ##.....
c - Confuse               Hex            ###.....     9%          3    ###....

Your spell library contained the following spells:

 Spells                   Type           Power        Failure   Level  Hunger
 Tukima's Dance           Hex            ###.....     9%          3    ###....
 Dazzling Spray           Conj/Hex       ##....       21%         3    ###....


Dungeon Overview and Level Annotations

Branches:
Dungeon (2/15)

Altars:
Nemelex Xobeh


Innate Abilities, Weirdness & Mutations

You are very small and have problems with some larger weapons.
You are too small for most types of armour.
You have supernaturally acute eyesight. (SInv)
You are a herbivore.
You cover ground extremely quickly.
You need to consume almost no food.


Message History

You hit the ooze but do no damage.
The ooze is moderately wounded.
The ooze misses you. The ooze completely misses you.
The ooze hits the fungus.
The ooze hits you.
The jelly hits the fungus.
The fungus is splashed with acid.
The ooze hits the fungus.
The ooze hits you.
* * * LOW HITPOINT WARNING * * *
The ooze closely misses you.
The ooze quivers.
The ooze hits the fungus.
The ooze hits the fungus but does no damage.
Casting: Ensorcelled Hibernation (safe; 11% risk of failure)
Confirm with . or Enter, or press ? or * to list all spells.
Aiming: Ensorcelled Hibernation (safe; 11% risk of failure)
Press: ? - help, Shift-Dir - straight line, f - ooze
Aim: an ooze (chance to defeat MR: 41%)
The ooze resists with some effort.
The ooze jiggles.
The ooze completely misses you.
The ooze hits the fungus. x3
The jelly hits the fungus.
The fungus is splashed with acid.
The ooze hits you.
You die...

#######(#. g.........
#.####.## #.# #(#
########### #(#
#!.÷...##(####### ##(##
......
#..P.PP#.#.#....###.).#
#.#..#
#..JJJ@#.#.#.....##(...
.....#
#PP..PJ#.#'#......'....
#.##.#
#....JJ#.#........'....
#.##.#
#...PJP#)#........'...#
#.##.#
#..J.J.#.#.......##..##
#.##.#
#P.÷P.P.##......######
#.##.#
#J..÷..##########
#....# ######## ##
###<.# # ..


You could see a jelly and 9 oozes.

Vanquished Creatures
  A jelly (D:2)
  2 adders (D:2)
  3 oozes (D:1)
  A giant cockroach (D:2)
  3 goblins
  3 hobgoblins
  3 jackals (D:1)
  13 kobolds
  5 bats
  3 frilled lizards
  4 rats
41 creatures vanquished.

Vanquished Creatures (others)
  6 toadstools (D:2)
6 creatures vanquished.

Grand Total: 47 creatures vanquished

Notes
Turn   | Place    | Note
-------+----------+-------------------------------------------
     0 | D:1      | CurryBlack the Spriggan Enchanter began the quest for the
                  | Orb.
     0 | D:1      | Reached XP level 1. HP: 9/9 MP: 5/5
   950 | D:1      | Reached XP level 2. HP: 13/13 MP: 6/6
   977 | D:1      | Learned a level 2 spell: Ensorcelled Hibernation
  1400 | D:1      | Reached skill level 5 in Stealth
  1508 | D:1      | Reached XP level 3. HP: 2/16 MP: 4/8
  2348 | D:2      | Found a sparkling altar of Nemelex Xobeh.
  2382 | D:2      | Learned a level 3 spell: Confuse
  2464 | D:2      | Reached XP level 4. HP: 18/21 MP: 9/9
  2505 | D:2      | Slain by an ooze

Levels and vault maps discovered:
D:1:      minmay_arrival_four_circles, layout_loops_ring, minmay_distorted
D:2:      cheibrodos_fertilizer, layout_loops_ring, lemuel_crystal_altar

Skill      XL: |  1  2  3 |
---------------+----------+-----
Hexes          | 4 |  4.5
Stealth        | 5 |  5.7
Spellcasting   | 3 |  3.2
Dodging        | 4 |  4.4
Short Blades   | |  1.5

Action                   |  1- 3 |  4- 6 || total
-------------------------+-------+-------++-------
Melee: Dagger            |    29 |       ||    29
       Short sword       |    83 |     9 ||    92
 Cast: Ensorcelled Hiber |     8 |     1 ||     9
 Stab: Sleeping          |    11 |     1 ||    12
Armor: Robe              |     8 |     2 ||    10
Dodge: Dodged            |    73 |    12 ||    85
